 Dungeon Crawl Stone Soup version 0.31-a0-271-gb88eb75e06 (webtiles) character file.

Game seed: 18240866877737182276

210 Iniera the Ducker (level 6, -1/39 HPs)
             Began as a Kobold Monk on July 14, 2023.
             Slain by Grinder (5 damage)
             ... while paralysed by Grinder
             ... on level 3 of the Dungeon.
             The game lasted 00:03:32 (2359 turns).

Iniera the Ducker (Kobold Monk)                     Turns: 2359, Time: 00:03:32

Health: -1/39      AC:  2    Str:  9    XL:     6   Next: 12%
Magic:  6/6        EV:  3    Int: 11    God:
Gold:   150        SH:  0    Dex: 19    Spells: 5/5 levels left

rFire   . . .        a - +0 falchion
rCold   . . .        d - orb {light}
rNeg    . . .        b - +0 robe
rPois   .            (no helmet)
rElec   .            (no cloak)
rCorr   .            (no gloves)
SInv    .            (no boots)
Will    .....        (no amulet)
Stlth   +            (no ring)
HPRegen 0.26/turn    (no ring)
MPRegen 0.10/turn

%: no passive effects
@: paralysed, glowing
A: small, no large weapons, nightstalker 3
a: no special abilities


You were on level 3 of the Dungeon.
You visited 1 branch of the dungeon, and saw 3 of its levels.

You collected 150 gold pieces.

Inventory:

Hand Weapons
 a - a +0 falchion (weapon)
Armour
 b - a +0 robe (worn)
 d - an orb of light (worn)
Wands
 k - a wand of polymorph (4)
Scrolls
 f - 5 scrolls of teleportation
 i - a scroll of immolation
Potions
 c - a potion of ambrosia
 g - a potion of brilliance {unknown}
 h - a potion of lignification {unknown}
 j - a potion of invisibility {unknown}


   Skills:
 + Level 4.4 Fighting
 + Level 3.3 Long Blades
 * Level 6.0 Dodging


You had 5 spell levels left.
You didn't know any spells.
Your spell library contained the following spells:

 Spells                   Type           Power      Damage    Failure   Level
 Ensorcelled Hibernation  Hex/Ice        0%         N/A       47%         2
 Sublimation of Blood     Necr           0%         N/A       47%         2
 Wereblood                Tmut           0%         N/A       47%         2
 Anguish                  Hex/Necr       0%         N/A       98%         4
 Leda's Liquefaction      Hex/Erth       0%         N/A       98%         4
 Lee's Rapid Deconstruct  Erth           0%         3d4*      100%        5
 Leda's Unmaking          Conj/Erth      0%         9d1       100%        6
 Summon Hydra             Summ           0%         N/A       100%        7


Dungeon Overview and Level Annotations

Branches:
Dungeon (3/15)

Altars:
Elyvilon
Gozag
Hepliaklqana
Okawaru
Ru

Shops:
D:2 :

Annotations:
D:3 Grinder


Innate Abilities, Weirdness & Mutations

You are small and have problems with some larger weapons.
You are completely attuned to the shadows.


Message History

Grinder barely misses you.
You hit Grinder.
Grinder is moderately wounded.
Grinder misses you.
You barely miss Grinder.
Grinder is moderately wounded.
Grinder completely misses you. Grinder gestures at you.
You suddenly lose the ability to move!
Grinder hits you!
You writhe in agony.
* * * LOW HITPOINT WARNING * * *
Grinder blinks!
You can move again.
Unknown command.
Unknown command.
Unknown command.
Unknown command.
Unknown command.
Unknown command.
Unknown command.
Unknown command.
Unknown command.
Unknown command.
Okay, then.
Okay, then.
It was a potion of cancellation.
You feel magically purged.
Okay, then.
You hit Grinder.
Grinder is moderately wounded.
Grinder gestures at you. You resist with significant effort.
You slash Grinder!
Grinder is heavily wounded.
Grinder gestures at you.
You suddenly lose the ability to move!
Grinder blinks!
Grinder hits you!
* * * LOW HITPOINT WARNING * * *
You writhe in agony.
You die...

##...# ...
#....# ...
#.#..# #...##
#._.# ##...##
# ...#..# ..
#.....#####.##
.###....5@....
~~~.~.~..~~~~
≈≈≈≈.≈≈≈≈≈.≈≈
♣♣♣≈~≈♣♣♣≈.≈♣
♣≈~≈♣ ≈.≈♣


You could see Grinder.

Vanquished Creatures
  Jessica (D:2)
  Ijyb (D:3)
  2 orc wizards (D:2)
  Terence (D:3)
  2 dart slugs (D:1)
  4 orcs (D:2)
  7 ball pythons (D:1)
  4 bats
  7 endoplasms
  4 giant cockroaches
  2 goblins
  11 hobgoblins
  7 jackals
  6 kobolds
  3 quokkas (D:2)
  5 frilled lizards
  2 rats
69 creatures vanquished.

Notes
Turn   | Place    | Note
-------+----------+-------------------------------------------
     0 | D:1      | Iniera the Kobold Monk began the quest for the Orb.
     0 | D:1      | Reached XP level 1. HP: 14/14 MP: 1/1
   106 | D:1      | Reached XP level 2. HP: 14/19 MP: 2/2
   110 | D:1      | Reached skill level 4 in Dodging
   353 | D:1      | Reached XP level 3. HP: 23/23 MP: 3/3
  1071 | D:2      | Reached XP level 4. HP: 27/29 MP: 4/4
  1186 | D:2      | Noticed Jessica
  1193 | D:2      | Killed Jessica
  1194 | D:2      | Reached skill level 5 in Dodging
  1382 | D:2      | Found Zinnifiu's Book Emporium.
  1655 | D:3      | Found a sacrificial altar of Ru.
  1659 | D:3      | Found a white marble altar of Elyvilon.
  1711 | D:3      | Noticed Terence
  1742 | D:2      | Reached XP level 5. HP: 9/33 MP: 5/5
  2091 | D:3      | Found an opulent altar of Gozag.
  2094 | D:3      | Found an iron altar of Okawaru.
  2105 | D:3      | Killed Terence
  2225 | D:3      | Noticed Ijyb
  2244 | D:3      | Killed Ijyb
  2245 | D:3      | Reached skill level 6 in Dodging
  2245 | D:3      | Reached XP level 6. HP: 22/39 MP: 6/6
  2322 | D:3      | Found a hazy altar of Hepliaklqana.
  2342 | D:3      | Noticed Grinder
  2350 | D:3      | Paralysed by Grinder for 3 turns
  2355 | D:3      | Paralysed by Grinder for 5 turns
  2359 | D:3      | Slain by Grinder

Illustrated notes

Levels and vault maps discovered:
D:1:      dpeg_arrival_water_fire, layout_basic, kennysheep_flooded_box,
          minmay_domino_4
D:2:      layout_rooms, serial_shops, nicolae_shop_window_shopping, uniq_jessica
D:3:      layout_rooms, mainiacjoe_overflow_tiny_flanked,
          grunt_temple_overflow_open, mainiacjoe_overflow_paths,
          kennysheep_boxes, uniq_terence, uniq_grinder, uniq_ijyb

Skill      XL: |  1  2  3  4  5 |
---------------+----------------+-----
Dodging        | 4 5 6 |  6.0
Fighting       | 4 |  4.4
Long Blades    | 3 |  3.3

Action                     |  1- 3 |  4- 6 || total
---------------------------+-------+-------++-------
  Melee: Falchion          |    76 |   116 ||   192
         Unarmed           |       |     7 ||     7
    Use: Scroll            |     2 |     1 ||     3
         Potion            |       |     1 ||     1
   Stab: Sleeping          |       |     1 ||     1
 Armour: Robe              |     6 |    14 ||    20
         Skin              |       |     2 ||     2
  Dodge: Dodged            |    69 |   119 ||   188

Table legend: (Time is in decaauts)
 A = Elapsed time spent in this place.
 B = Non-inter-level travel time spent in this place.
 C = Inter-level travel time spent in this place.
 D = Time resting spent in this place.
 E = Time spent auto-exploring this place.
 F = Levels seen in this place.
 G = Mean time per level.
                   A        B        C        D        E       F      G
               +--------+--------+--------+--------+--------+-----+--------+
         Total |   2396 |   2313 |     83 |    357 |   1487 |   3 |  798.7 |
       Dungeon |   2396 |   2313 |     83 |    357 |   1487 |   3 |  798.7 |
               +--------+--------+--------+--------+--------+-----+--------+

Top non-repeatable levels by time:
     D:1: 1026 daAuts
     D:2: 975 daAuts
     D:3: 395 daAuts
